← All builds
Suicide front / Armada / Factory first / OBSERVED BUILD

Standard suicide front

Armada Suicide front build order · Supreme Isthmus

The role's baseline: Bot Lab at 0:21 then straight into reclaim-fed T1 bot production to contest the middle and hold until T2 arrives, with an Advanced Metal Extractor around 9:45.

#rush · 2013 distinct matches · 230 players · 72% of Armada Suicide front games · team won 59% of 2387 · Recently observed

HOW TO PLAY IT

Key timing: Bot Lab by 0:20

  1. Open with mex and lab-first to get Bot Lab up by 0:20.
  2. Expand mex and wind while lab pumps units toward middle.
  3. Push Sentry and early Rocketeer, Centurion to contest middle.
  4. Get T2 constructor out once Pond's boost lets you spare metal.
  5. Upgrade mex to Advanced Metal Extractor as you transition off T1 spam.

Phase by phase

TYPICAL OF ITS 2013 GAMES
  1. 1
  2. 2
  3. 3
PLAY THE OPENING

Follow the example game's first 6:00 step by step: what to build now, what comes next, and where it goes. At 1× it keeps pace with your own game.

  1. 1

    Bot Lab first

    Order
    1. Bot LabBot Lab done ~0:21, middle half 0:20–0:33

    Some games also: mex (44%)

  2. 2

    Bot Lab to 5:00

    Economy
    • Metal Extractor5Mex
    • Wind Turbine4Wind
    Builders
    • Construction Bot3 Con bot
    • Lazarus2 Lazarus
    Army
    • Sentry4 Sentry
    • Rocketeer16 Rocketeer
    • Tick2 Tick
    • Centurion1 Centurion
    Other
    • Radar Tower1 Radar Tower

    Some games also: pawn (38%) · con turret (34%)

    By 5:00 in all: 5 mex · 4 wind

    The example game in this phase · 37 steps
    1. LazarusLazarus ×2
    2. Mex
    3. Construction BotCon bot
    4. PawnPawn
    5. Mex
    6. PawnPawn ×9
    7. Construction BotCon bot
    8. Mex
    9. Construction BotCon bot
    10. Radar TowerRadar Tower
    11. RocketeerRocketeer ×2
    12. MaceMace
    13. SentrySentry
    14. RocketeerRocketeer ×2
    15. Mex
    16. MaceMace
    17. LazarusLazarus
    18. Construction BotCon bot
    19. RocketeerRocketeer ×2
    20. MaceMace
    21. RocketeerRocketeer ×2
    22. MaceMace
    23. LazarusLazarus
    24. Radar TowerRadar Tower
    25. Construction BotCon bot
    26. Wind
    27. SentrySentry ×2
    28. RocketeerRocketeer
    29. Wind
    30. RocketeerRocketeer
    31. MaceMace
    32. Wind
    33. RocketeerRocketeer
    34. Radar TowerRadar Tower
    35. MaceMace
    36. LazarusLazarus
    37. RocketeerRocketeer
  3. 3

    5:00 to 10:00

    Economy
    • Metal Extractor1Mex
    • Wind Turbine15Wind
    Builders
    • Construction Turret2 Con turret
    • Lazarus2 Lazarus
    • Construction Bot1 Con bot
    Army
    • Sentry1 Sentry
    • Rocketeer8 Rocketeer

    Some games also: pawn (49%) · Radar Tower (46%) · tick (45%) · centurion (44%) · energy storage (43%) · eat Bot Lab (31%)

    By 10:00 in all: 6 mex · 21 wind · 1 energy storage · 2 con turret

    The example game in this phase · 177 steps
    1. Mex
    2. Wind
    3. RocketeerRocketeer
    4. MaceMace
    5. SentrySentry
    6. Wind
    7. LazarusLazarus
    8. SentrySentry
    9. RocketeerRocketeer
    10. Wind
    11. RocketeerRocketeer
    12. Energy storage
    13. LazarusLazarus ×2
    14. Radar TowerRadar Tower
    15. LazarusLazarus
    16. Wind
    17. LazarusLazarus
    18. Radar TowerRadar Tower
    19. Wind
    20. LazarusLazarus
    21. Wind
    22. LazarusLazarus
    23. MaceMace
    24. Wind
    25. LazarusLazarus
    26. RocketeerRocketeer
    27. Wind
    28. RocketeerRocketeer
    29. Wind
    30. MaceMace
    31. LazarusLazarus
    32. Wind
    33. Radar TowerRadar Tower
    34. RocketeerRocketeer
    35. Wind
    36. RocketeerRocketeer
    37. MaceMace
    38. Wind
    39. Construction BotCon bot
    40. Wind
    41. LazarusLazarus
    42. Wind
    43. RocketeerRocketeer
    44. Advanced Metal ExtractorT2 mexdone 9:13 · typical 9:46
    45. Con turret
    46. Wind
    47. RocketeerRocketeer
    48. Wind
    49. MaceMace
    50. LazarusLazarus
    51. Wind
    52. RocketeerRocketeer ×2
    53. Wind
    54. MaceMace
    55. LazarusLazarus
    56. Wind
    57. RocketeerRocketeer ×2
    58. MaceMace
    59. Wind
    60. LazarusLazarus
    61. RocketeerRocketeer
    62. Wind
    63. RocketeerRocketeer
    64. Radar TowerRadar Tower
    65. MaceMace
    66. Advanced Metal ExtractorT2 mex
    67. LazarusLazarus
    68. Wind
    69. Mex
    70. RocketeerRocketeer
    71. SentrySentry
    72. RocketeerRocketeer
    73. SentrySentry
    74. MaceMace
    75. Con turret
    76. SentrySentry
    77. LazarusLazarus
    78. RocketeerRocketeer
    79. GauntletGauntletdone 10:29
    80. Advanced Metal ExtractorT2 mex
    81. RocketeerRocketeer
    82. Wind
    83. MaceMace
    84. Wind ×2
    85. LazarusLazarus
    86. Wind
    87. RocketeerRocketeer
    88. Wind
    89. BlitzBlitz
    90. Wind
    91. Advanced Metal ExtractorT2 mex
    92. RocketeerRocketeer
    93. MaceMace
    94. Wind
    95. MaceMace
    96. Wind
    97. LazarusLazarus
    98. Wind
    99. Con turret
    100. Wind
    101. Construction BotCon bot
    102. Wind ×2
    103. Fortification WallFortification Wall
    104. RocketeerRocketeer
    105. MaceMace
    106. LazarusLazarus
    107. Fortification WallFortification Wall
    108. Wind
    109. Fortification WallFortification Wall
    110. PawnPawn
    111. Wind
    112. Fortification WallFortification Wall
    113. Wind
    114. PawnPawn
    115. Fortification WallFortification Wall
    116. Con turret
    117. Wind
    118. PawnPawn
    119. Fortification WallFortification Wall
    120. Wind
    121. PawnPawn
    122. Con turret
    123. PawnPawn
    124. Wind
    125. PawnPawn
    126. Wind
    127. PawnPawn ×2
    128. Wind
    129. PawnPawn ×2
    130. LazarusLazarus
    131. Energy storage
    132. PawnPawn ×4
    133. Converter
    134. Construction BotCon bot
    135. PawnPawn
    136. Advanced Metal ExtractorT2 mex
    137. Converter
    138. PawnPawn ×3
    139. Converter
    140. PawnPawn ×2
    141. LazarusLazarus
    142. Converter
    143. PawnPawn ×3
    144. Converter
    145. PawnPawn ×3
    146. Converter
    147. PawnPawn ×3
    148. Vehicle PlantVehicle Plantdone 13:45
    149. LazarusLazarus
    150. TickTick ×3
    151. Advanced Metal ExtractorT2 mex
    152. TickTick
    153. Advanced solar
    154. TickTick ×3
    155. BlitzBlitz
    156. TickTick
    157. BlitzBlitz
    158. TickTick ×2
    159. Con turret
    160. BlitzBlitz
    161. TickTick ×2
    162. Advanced solar
    163. TickTick ×2
    164. BlitzBlitz
    165. TickTick
    166. Con turret
    167. TickTick ×2
    168. Con turret
    169. TickTick
    170. BlitzBlitz
    171. TickTick
    172. Con turret
    173. Advanced solar
    174. TickTick ×3
    175. BlitzBlitz
    176. TickTick
    177. BlitzBlitz

Counts are medians over the build's games: half of them build more, half fewer. The example game is NoobSlayer's (31 OS, 08/09/2026); pick another.

Team trades

IN AT LEAST 30% OF ITS GAMES

You hand over

Nothing regular.

You get

  • Tidal Generator4 Tidal from Pondfirst at 0:10 · in 68% of games
  • Advanced Construction Bot1 T2 con bot from Geo or Techfirst at 7:41 · in 57% of games

How it plays out

Typical game of this build, running totals by minute

Metal produced

010k20k
0:005:0010:0015:00

metal

Enemy metal destroyed

05k10k
0:005:0010:0015:00

metal

Own metal lost

05k10k
0:005:0010:0015:00

metal

2387 games.

Show as table
ByMetal produced: This buildEnemy metal destroyed: This buildOwn metal lost: This build
1:0023000
2:0088700
3:002009184130
4:003110645501
5:00418413561000
6:00534721831708
7:00653930512597
8:00776039383503
9:00904646934376
10:001041853145163
11:001189458575965
12:001360664066686
13:001541268767439
14:001730675038212
15:001929281098997
WHAT THE NUMBERS SAY

Standard Suicide front play wins a bit over half its games while taking the heaviest own losses of any role by 15:00.

  • + Produces 20142 metal by 15:00, highest of the front roles.
  • + First kill by 2:01 in all games, fastest contest of middle.
  • − Own metal lost hits 9178 by 15:00, more than enemy metal destroyed.
  • − Only 34% Rocketeer share shows army spread thin across many bot types.
THE EXAMPLE YOU ARE READING

NoobSlayer

30.6 OS · 08/09/2026

Open source match ↗

11 received units · includes a constructor
307 metal received · 85447 energy received

Allied construction assistance is unknown. Timings are observations, not a promise of solo reproducibility.

Typical milestones

Bot Lab0:21Middle 50%: 0:20–0:33 · n=2379
Advanced Metal Extractor9:46Middle 50%: 8:50–10:58 · n=1726

Played most by

_X_262games of this buildPlatinumBlonde188games of this buildXad166games of this buildTrapCaT107games of this buildImmort80games of this build